AoeStats
← 河北彩花

Arena

508019103Analyzed
4v4 RM · 12d ago on Sep 20, 2026· 37m 51s· 8 players
Game mode
Random Map
Map size
Large (8 player)
Population
200
Speed
Normal
Resources
Standard
Victory
Conquest
Starting age
Dark Age
Ending age
Imperial Age
RankedLock teamsTeams togetherTeam positionsShared explorationLock speedFull tech treeHidden civsTurbo modeCheats
Victory
Defeat
🇩🇪 Khmer · Germany
1253
+15
🇸🇪 Bohemians · Sweden
1193
+17
🇫🇷 Goths · France
1155
+19
🇩🇪 Huns · Germany
1093
+21
🇮🇳 Khmer · India
1273
-20
🇮🇳 Turks · India
1267
-20
🇨🇳 Saracens · China
1175
-16
🇲🇴 Cumans · Macao SAR China
1162
-16
Generation Kill
7:34 Loom
11:01 Feudal Age
15:22 Castle Age
13:16 Double-Bit Axe
13:47 Horse Collar
16:32 Bow Saw
18:16 Fervor
18:40 Town Watch
22:03 Wheelbarrow
22:24 Heavy Plow
25:08 Hand Cart
29:47 Imperial Age
27:13 Fletching
27:55 Bodkin Arrow
27:51 Pikeman
29:41 Chemistry
29:04 Ballistics
29:12 Squires
29:15 Scale Mail Armor
29:26 Forging
30:05 Halberdier
31:14 Conscription
32:18 Chain Mail Armor
34:19 Plate Mail Armor
34:25 Iron Casting
37:14 Two-Man Saw
36:21 Houfnice
38:12 Blast Furnace
38:00 Siege Engineers
tortodde
8:25 Loom
10:15 Feudal Age
11:24 Double-Bit Axe
11:21 Horse Collar
17:29 Castle Age
18:49 Bow Saw
18:53 Heavy Plow
20:51 Gold Mining
22:57 Gold Shaft Mining
29:53 Imperial Age
28:04 Wheelbarrow
28:30 Scale Barding Armor
28:36 Forging
29:45 Chain Barding Armor
29:45 Hand Cart
29:16 Town Watch
29:46 Husbandry
29:58 Bloodlines
30:47 Marauders
31:54 Two-Man Saw
31:33 Iron Casting
31:27 Conscription
31:48 Elite Tarkan
33:34 Plate Barding Armor
34:09 Blast Furnace
Ding-Dong
10:26 Feudal Age
14:54 Castle Age
13:00 Double-Bit Axe
12:58 Horse Collar
15:04 Wheelbarrow
17:27 Loom
17:59 Hand Cart
18:25 Bow Saw
18:55 Town Watch
19:23 Heavy Plow
19:54 Husbandry
20:31 Gold Mining
25:08 Husbandry
26:54 Bloodlines
30:20 Imperial Age
27:46 Stone Mining
28:28 Scale Barding Armor
28:42 Forging
29:37 Masonry
29:50 Chain Barding Armor
30:51 Iron Casting
30:56 Tusk Swords
32:04 Plate Barding Armor
34:27 Gold Shaft Mining
34:28 Stone Shaft Mining
34:34 Stone Shaft Mining
34:24 Elite Battle Elephant
36:52 Blast Furnace
JCVD
11:05 Feudal Age
11:35 Horse Collar
12:19 Double-Bit Axe
16:43 Wheelbarrow
18:54 Castle Age
17:40 Stone Mining
20:22 Heavy Plow
20:47 Squires
21:28 Bow Saw
21:37 Gold Mining
21:50 Pikeman
22:36 Scale Mail Armor
25:01 Forging
25:53 Hand Cart
25:45 Loom
29:28 Chain Mail Armor
31:46 Imperial Age
29:51 Town Watch
31:55 Iron Casting
32:43 Elite Huskarl
34:42 Chemistry
33:37 Halberdier
35:38 Stone Shaft Mining
37:47 Blast Furnace
36:53 Perfusion
37:15 Conscription
37:00 Anarchy
38:26 Two-Man Saw
Kunal
4:55 Loom
10:14 Feudal Age
14:58 Castle Age
13:07 Double-Bit Axe
13:34 Horse Collar
16:15 Bow Saw
17:17 Heavy Plow
22:10 Wheelbarrow
24:51 Ballistics
25:19 Fortified Wall
26:49 Hand Cart
26:26 Town Watch
31:30 Imperial Age
29:28 Padded Archer Armor
29:35 Town Patrol
29:56 Gold Mining
32:04 Leather Archer Armor
33:15 Ring Archer Armor
34:09 Artillery
35:14 Thumb Ring
35:35 Parthian Tactics
河北彩花
1:09 Loom
10:17 Feudal Age
13:28 Wheelbarrow
12:49 Double-Bit Axe
12:46 Horse Collar
21:52 Castle Age
21:24 Stone Mining
21:25 Gold Mining
21:34 Gold Mining
22:22 Light Cavalry
24:46 Hand Cart
24:42 Bow Saw
24:45 Heavy Plow
25:34 Gold Shaft Mining
30:12 Imperial Age
28:08 Town Watch
29:07 Bloodlines
29:04 Thumb Ring
30:20 Ballistics
29:52 Fletching
30:03 Padded Archer Armor
30:10 Scale Barding Armor
30:31 Bodkin Arrow
31:46 Parthian Tactics
31:53 Leather Archer Armor
31:47 Scale Barding Armor
32:02 Elite Kipchak
34:22 Chain Barding Armor
34:47 Conscription
34:06 Hussar
37:21 Cuman Mercenaries
37:47 Forging
ravish.ratnam
12:00 Feudal Age
15:31 Castle Age
13:56 Double-Bit Axe
14:17 Gold Mining
17:50 Ballistics
21:41 Wheelbarrow
22:25 Bow Saw
23:24 Horse Collar
24:33 Heavy Plow
28:45 Imperial Age
29:44 Heavy Scorpion
31:30 Chemistry
33:30 Siege Engineers
IceFish
1:53 Loom
12:20 Feudal Age
13:32 Double-Bit Axe
13:29 Horse Collar
16:59 Castle Age
16:25 Gold Mining
17:52 Forging
17:44 Heavy Plow
24:20 Wheelbarrow
29:14 Imperial Age
27:07 Town Watch
27:37 Hand Cart
27:21 Stone Mining
27:52 Fortified Wall
28:54 Hand Cart
28:58 Bow Saw
29:00 Fletching
29:41 Scale Barding Armor
31:31 Chemistry
30:56 Bodkin Arrow
31:42 Siege Engineers
32:30 Bracer
33:11 Ballistics
Connection lost

Rejoining the realm…

Still unreachable

The connection could not be restored.

Session expired

The server has moved on; the page needs a fresh start.